 Dungeon Crawl Stone Soup version 0.32-a0-171-g4625e66871 (webtiles) character file.

Game seed: 13931222699326669022

5 Dirtsage the Changeling (level 1, -2/13 HPs)
             Began as an Octopode Shapeshifter on Feb 12, 2024.
             Slain by a goblin
             ... wielding a +0 club
              (4 damage)
             ... on level 1 of the Dungeon.
             The game lasted 00:00:12 (38 turns).

Dirtsage the Changeling (Octopode Shapeshifter)       Turns: 38, Time: 00:00:13

Health: -2/13      AC:  1    Str: 13    XL:     1   Next: 80%
Magic:  1/1        EV: 13    Int: 12    God:
Gold:   0          SH:  0    Dex: 11    Spells: 0/0 levels left

rFire   . .          .
                       - Unarmed
rCold   . . .        (no shield)
rNeg    . . .        (helmet currently unavailable)
rPois   .            (no amulet)
rElec   .            (no ring)
rCorr   .            (no ring)
SInv    .            (no ring)
Will    .....        (no ring)
Stlth   ++           (no ring)
HPRegen 0.22/turn    (no ring)
MPRegen 0.07/turn    (no ring)
                     (no ring)

%: no passive effects
@: beast-form
A: beast (slay +1), almost no armour, amphibious, 8 rings, camouflage 1,
gelatinous body 1, (nimble swimmer 1), tentacles
a: Begin Untransformation


You were on level 1 of the Dungeon.
You were a hulking beast.
You visited 1 branch of the dungeon, and saw 1 of its levels.

Inventory:

Talismans
 b - a beast talisman (active)
 c - a flux talisman
Scrolls
 d - a scroll of enchant weapon {unknown}
Potions
 a - a potion of lignification


   Skills:
 + Level 1.1 Fighting
 + Level 2.1 Dodging
 + Level 3.0 Unarmed Combat
 * Level 3.1 Shapeshifting


You couldn't memorise any spells.
You didn't know any spells.
Your spell library was empty.

Dungeon Overview and Level Annotations

Branches:
Dungeon (1/15)

Altars:


Innate Abilities, Weirdness & Mutations

You are a hulking beast.
Your limbs bulge with bestial killing power. (Slay +1)
You cannot wear most types of armour.
You are amphibious.
You can wear up to eight rings at the same time.
Your skin changes colour to match your surroundings (Stealth+).
Your rubbery body absorbs attacks. (AC +1, EV +1)
((You are camouflaged when in or above water. (Stealth+)))
You have tentacles for arms and can constrict up to eight enemies at once.


Message History

A jackal and a goblin come into view.
A goblin comes into view. It is wielding a +0 dagger.
The helpless endoplasm fails to defend itself.
You tentacle-slap the endoplasm but do no damage.
The goblin shouts! x2
A bat comes into view.
The endoplasm closely misses you.
You tentacle-slap the endoplasm but do no damage.
Your squeeze misses the endoplasm. The endoplasm hits you.
You take 3 damage, and have 10/13 hp.
MASSIVE DAMAGE!!
You tentacle-slap the endoplasm.
The endoplasm is moderately wounded.
The endoplasm freezes you.
You are frozen.
The bat barely misses you.
You take 1 damage, and have 9/13 hp.
You tentacle-slap the endoplasm.
The endoplasm is heavily wounded.
The bat hits you. x2; The goblin completely misses you.
The endoplasm freezes you.
You are frozen.
You take 4 damage, and have 5/13 hp.
MASSIVE DAMAGE!!
You are too injured to fight recklessly!
You are too injured to fight recklessly!
You tentacle-slap the goblin.
You kill the goblin!
The bat barely misses you. The endoplasm hits you.
You take 1 damage, and have 4/13 hp.
You completely miss the goblin. Your grab misses the goblin.
You tentacle-slap the goblin.
The goblin is heavily wounded.
The bat hits you but does no damage. The endoplasm closely misses you.
The goblin barely misses you.
You completely miss the goblin. Your grab misses the goblin.
The goblin is heavily wounded.
The bat closely misses you. The endoplasm freezes you.
You are frozen.
* * * LOW HITPOINT WARNING * * *
The goblin hits you with a +0 club.
You die...

####... ..#..# ##.
#.#..# #.. # ##.#..# #.#
.# .#....########.# .#
..)..........#.# ..#
........## #...###.# .
..#.....# ##..:..J.#....
..).##..###..#..hg.b....
..####...##†#...........
.## ##.................
.# #..##............. .#
#..##........#.... .#
#...#.#.....##.... .#
##....#.....# ### ##
###.......... #
#..........


You could see an endoplasm, a goblin and a bat.

Vanquished Creatures
  A giant cockroach (D:1)
  2 goblins (D:1)
  A hobgoblin (D:1)
4 creatures vanquished.

Notes
Turn   | Place    | Note
-------+----------+-------------------------------------------
     0 | D:1      | Dirtsage the Octopode Shapeshifter began the quest for the
                  | Orb.
     0 | D:1      | Reached XP level 1. HP: 13/13 MP: 1/1
    38 | D:1      | Slain by a goblin

Illustrated notes

Levels and vault maps discovered:
D:1:      minmay_arrival_stone_box, layout_rooms,
          chequers_serial_rivers_micro_e, item_on_display_a

Action                     || total
---------------------------++-------
  Melee: Unarmed           ||    14
         Constrict         ||     1
         Punch             ||     1
         Tentacles         ||     1
   Stab: Sleeping          ||     1
 Armour: Skin              ||     8
  Dodge: Dodged            ||    11

Table legend: (Time is in decaauts)
 A = Elapsed time spent in this place.
 B = Non-inter-level travel time spent in this place.
 C = Inter-level travel time spent in this place.
 D = Time resting spent in this place.
 E = Time spent auto-exploring this place.
 F = Levels seen in this place.
 G = Mean time per level.
                   A        B        C        D        E       F      G
               +--------+--------+--------+--------+--------+-----+--------+
         Total |     37 |     37 |      0 |      0 |     10 |   1 |   37.0 |
       Dungeon |     37 |     37 |      0 |      0 |     10 |   1 |   37.0 |
               +--------+--------+--------+--------+--------+-----+--------+

Top non-repeatable levels by time:
     D:1: 37 daAuts
